 Dungeon Crawl Stone Soup version 0.30.1-11-g7821555f0a (webtiles) character file.

Game seed: 6428388810069746559

68234 Wiggles the Executioner (level 14, -3/138 HPs)
             Began as a Minotaur Berserker on Nov 25, 2023.
             Was a High Priest of Trog.
             Slain by a hog (6 damage)
             ... led by Kirke
             ... while petrified by a catoblepas
             ... on level 13 of the Dungeon.
             The game lasted 00:27:01 (18298 turns).

Wiggles the Executioner (Minotaur Berserker)       Turns: 18298, Time: 00:27:02

Health: -3/138     AC:  0    Str: 25    XL:     14   Next: 85%
Magic:  13/13      EV:  3    Int:  4    God:    Trog [*****.]
Gold:   821        SH:  0    Dex: 12    Spells: 13/13 levels left

rFire   . . .        E - melded +9 broad axe (protect)
rCold   . . .        (shield currently unavailable)
rNeg    + + +        s - melded +18 Lear's hauberk
rPois   ∞            (helmet currently unavailable)
rElec   .            (cloak currently unavailable)
rCorr   .            (gloves currently unavailable)
SInv    .            (boots currently unavailable)
Will    +....        (no amulet)
Stlth   ++           i - melded ring of protection from fire
HPRegen 0.43/turn    v - melded ring of resist corrosion
MPRegen 0.13/turn

%: no passive effects
@: pig-form, petrified, very quick
A: fast, no casting, small, (horns 2), (retaliatory headbutt)
a: Renounce Religion, Berserk, Trog's Hand, Brothers in Arms


You were on level 13 of the Dungeon.
You worshipped Trog.
Trog was extremely pleased with you.
You were a filthy swine.
You visited 2 branches of the dungeon, and saw 18 of its levels.
You visited the Abyss 1 time.

You collected 1135 gold pieces.
You spent 314 gold pieces at shops.

Inventory:

Hand Weapons
 E - a +9 broad axe of protection (melded)
 F - a +4 executioner's axe
 I - a +4 battleaxe of flaming
Missiles
 B - a throwing net (quivered)
Armour
 a - the +0 hat of the Mackerel {rPois Int+3 Dex+3 SInv}
   (You acquired it on level 6 of the Dungeon)

   Int:       It affects your intelligence (+3).
   Dex:       It affects your dexterity (+3).
   rPois:     It protects you from poison.
   SInv:      It lets you see invisible.
 q - a +1 plate armour
 s - the +18 Lear's hauberk (melded)
   (You found it on level 4 of the Dungeon)
Jewellery
 i - a ring of protection from fire (melded)
 v - a ring of resist corrosion (melded)
Wands
 k - a wand of digging (5)
 z - a wand of roots (9)
 A - a wand of polymorph (8)
 J - a wand of quicksilver (8)
 K - a wand of flame (12)
Scrolls
 d - 6 scrolls of teleportation
 e - 3 scrolls of fog
 f - 2 scrolls of enchant armour
 h - 4 scrolls of vulnerability
 o - a scroll of magic mapping
 r - 4 scrolls of fear
 y - 4 scrolls of blinking
 C - a scroll of silence
 L - a scroll of identify
Potions
 b - a potion of invisibility
 c - 6 potions of brilliance
 g - 5 potions of flight
 j - 2 potions of attraction
 l - 4 potions of heal wounds
 m - 3 potions of magic
 n - a potion of ambrosia
 p - 2 potions of might
 t - 8 potions of curing
 u - 2 potions of lignification
 w - 2 potions of mutation
 x - 3 potions of haste
 D - 2 potions of degeneration
 G - 2 potions of resistance
 H - a potion of cancellation


   Skills:
 + Level 16.5 Fighting
 + Level 21.2 Axes
 + Level 14.1 Armour
 + Level 8.1 Dodging
 + Level 2.8 Stealth
 + Level 1.8 Evocations


You had 13 spell levels left.
You didn't know any spells.
Your spell library was empty.

Dungeon Overview and Level Annotations

Branches:
Dungeon (13/15)            Temple (0/1) D:7            Lair (5/5) D:11
 Shoals (0/4) Lair:2        Snake (0/4) Lair:3        Slime (0/5) Lair:5
    Orc (0/2) D:10
 Vaults: D:13-14

Altars:
Qazlal
Zin
Jiyva
Lugonu

Shops:
D:3 =**[   D:6 (

Portals:
Abyss: Lair:5
Bazaar: D:13

Annotations:
D:13 Kirke


Innate Abilities, Weirdness & Mutations

You are a filthy swine.
You move quickly.
You are immune to poison.
Your equipment is almost entirely melded.
You are incapable of wielding weapons or throwing items.
You cannot cast spells.
((You have a pair of horns on your head.))
((You reflexively headbutt those who attack you in melee.))


Message History

You turn into a filthy swine.
Your +9 broad axe of protection melds into your body.
The +18 Lear's hauberk melds into your body.
Your ring of protection from fire melds into your body.
Your ring of resist corrosion melds into your body.
Your +9 broad axe of protection goes still.
The hog bites you! x2; The howler monkey hits you.
The hog bites you. Something hits you! The lindwurm breathes flames at you.
The blast of flame hits you!! The hog bites you.
The howler monkey barely misses you. The hog bites you. The hog bites you.
You hear some strange, mumbled words.
You feel a momentary urge to oink. The hog bites you! x3
The hog barely misses you. The hog bites you! Something hits you!
The hog bites you!
The hog bites you! x3; The hog barely misses you.
Something hits you! The lindwurm bites you.
The lindwurm claws you. x2; The hog bites you!
* * * LOW HITPOINT WARNING * * *
The hog bites you!
* * * LOW HITPOINT WARNING * * *
The hog bites you!
* * * LOW HITPOINT WARNING * * *
The hog bites you!
* * * LOW HITPOINT WARNING * * *
Something hits you!
* * * LOW HITPOINT WARNING * * *
The lindwurm bites you!
* * * LOW HITPOINT WARNING * * *
The lindwurm claws you.
* * * LOW HITPOINT WARNING * * *
The lindwurm claws you.
* * * LOW HITPOINT WARNING * * *
The hog bites you. The hog bites you!
* * * LOW HITPOINT WARNING * * *
The hog barely misses you. The hog bites you.
* * * LOW HITPOINT WARNING * * *
The howler monkey hoots and howls with incredible vigour!
The hog bites you!
You die...

#######...#.....#...#
#.....#...'.....#...#
#.....#..##.....#...#
#.....#..##.....'...#
#.....#..##....##...#
#.....#..##....##...#
#.....'..#.....##...#
#..h..#..#......#....
+..hhh#..#......#....
#..k{h#####....<#....
#...Oh.. #.....#....
#.........#....##...#
#....[....#....###+##
...........###..#
..............#<.#
..#.#.#.......#...
#..


You could see a two-headed ogre, a lindwurm (summoned), 4 hogs and a howler
monkey (catching breath).

Vanquished Creatures
  An ancient lich (Abyss:2)
  A tentacled starspawn (Abyss:2)
  The ghost of Jaukkuri the Grappler, a journeyman TrFi of Gozag (Lair:2)
  Erolcha (D:9)
  Harold (D:10)
  2 hydras (Lair:5)
  2 catoblepae
  5 death yaks (Lair:4)
  3 boulder beetles
  5 two-headed ogres
  4 thrashing horrors (Lair:5)
  A large abomination (Lair:5)
  The ghost of Azazsd the Cleaver, a novice MiFi of Okawaru (D:7)
  A fire crab (Lair:3)
  Nergalle (D:12)
  4 skysharks
  4 ugly things
  3 cyclopes
  A faun (D:11)
  15 elephants
  4 black mambas
  12 cane toads
  2 smoke demons (Lair:5)
  A torpor snail (Lair:5)
  2 gargoyles (D:12)
  4 unseen horrors
  A rime drake (Lair:5)
  6 komodo dragons
  An efreet (D:13)
  2 kobold demonologists (D:11)
  An ancient zyme (Lair:5)
  2 polar bears
  4 hornets
  4 trolls
  21 blink frogs
  5 dream sheep (Lair:1)
  A snapping turtle (Lair:2)
  Prince Ribbit (D:9)
  5 slime creatures (D:12)
  A shadow (D:6)
  50 yaks
  4 wyverns
  3 basilisks (Lair:5)
  A wraith (D:9)
  Grum (D:9)
  3 ynoxinuls (Lair:5)
  2 hogs (D:13)
  3 steam dragons
  A chaos spawn (Lair:5)
  2 nagas (Lair:3)
  2 acid dragons
  13 small abominations (Lair:5)
  14 water moccasins
  2 orc warriors
  An ice beast (D:4)
  A black bear (Lair:3)
  A sky beast (D:8)
  19 wolves
  2 centaurs
  4 kobold brigands
  2 scorpions
  11 bullfrogs
  18 wights
  A troll skeleton (D:12)
  16 killer bees
  5 spriggan skeletons (D:12)
  5 electric eels
  6 howler monkeys
  4 jellies
  2 gnoll boudas
  6 hounds
  3 orc priests
  2 iguanas
  12 orc wizards
  8 gnolls
  A river rat (D:10)
  3 adders
  3 shadow imps
  An ufetubus (D:4)
  A worm (D:4)
  4 dart slugs
  32 orcs
  5 bats
  16 endoplasms
  5 giant cockroaches
  4 goblins
  9 hobgoblins
  49 kobolds
  10 quokkas
  6 ball pythons
  5 rats
  2 starspawn tentacles (Abyss:2)
523 creatures vanquished.

Vanquished Creatures (others)
  A water moccasin (Lair:3)
  2 starspawn tentacles (Abyss:2)
3 creatures vanquished.

Grand Total: 526 creatures vanquished

Notes
Turn   | Place    | Note
-------+----------+-------------------------------------------
     0 | D:1      | Wiggles the Minotaur Berserker began the quest for the Orb.
     0 | D:1      | Reached XP level 1. HP: 19/19 MP: 0/0
   152 | D:1      | Reached XP level 2. HP: 27/27 MP: 1/1
   158 | D:1      | Reached skill level 4 in Axes
   472 | D:1      | Found a faded altar of an unknown god.
  1041 | D:2      | Reached XP level 3. HP: 31/33 MP: 2/2
  1225 | D:2      | Reached ** piety under Trog
  1559 | D:2      | Reached XP level 4. HP: 41/41 MP: 3/3
  1570 | D:2      | Reached skill level 5 in Axes
  1591 | D:2      | Reached XP level 5. HP: 29/47 MP: 4/4
  1965 | D:3      | Found Reum's Jewellery Boutique.
  2005 | D:3      | Found Tipaffua's General Store.
  2015 | D:3      | Noticed an animated plate armour
  2017 | D:3      | Found Rysujon's Armour Shop.
  2028 | D:3      | Noticed an animated gold dragon scales
  2340 | D:3      | Reached *** piety under Trog
  2431 | D:3      | Found Nuzoffitan's General Store.
  2438 | D:3      | Bought a scroll of enchant weapon for 105 gold pieces
  2626 | D:4      | Noticed an ice beast
  2636 | D:4      | Killed an ice beast
  2637 | D:4      | Reached skill level 5 in Fighting
  2637 | D:4      | Reached skill level 6 in Axes
  2637 | D:4      | Reached XP level 6. HP: 56/56 MP: 5/5
  2899 | D:4      | Found the +18 Lear's hauberk
  3285 | D:5      | Entered Level 5 of the Dungeon
  3307 | D:5      | Noticed a hornet
  3319 | D:5      | Killed a hornet
  3320 | D:5      | Reached skill level 7 in Axes
  3320 | D:5      | Reached XP level 7. HP: 62/62 MP: 6/6
  3640 | D:5      | Reached skill level 5 in Armour
  3966 | D:6      | Found Mymit's Antique Weapon Shop.
  4401 | D:6      | Noticed a steam dragon
  4412 | D:6      | Killed a steam dragon
  4413 | D:6      | Reached skill level 8 in Axes
  4413 | D:6      | Reached XP level 8. HP: 56/71 MP: 7/7
  4617 | D:6      | Bought a glowing battleaxe for 209 gold pieces
  4878 | D:6      | Reached **** piety under Trog
  5262 | D:6      | Identified a scroll of acquirement
  5262 | D:6      | Acquired the +0 hat of the Mackerel {rPois Int+3 Dex+3
                  | SInv}
  5475 | D:7      | Reached skill level 9 in Axes
  5475 | D:7      | Reached skill level 1 in Stealth
  5756 | D:7      | Found a staircase to the Ecumenical Temple.
  5772 | D:7      | Reached skill level 10 in Axes
  5772 | D:7      | Reached XP level 9. HP: 74/79 MP: 8/8
  5988 | D:7      | Found a runed translucent door.
  5991 | D:7      | Noticed Azazsd's ghost (novice MiFi)
  6004 | D:7      | Killed Azazsd's ghost
  6009 | D:7      | Reached skill level 11 in Axes
  6172 | D:7      | Found a stormy altar of Qazlal.
  6317 | D:8      | Reached skill level 12 in Axes
  6347 | D:8      | Reached XP level 10. HP: 40/86 MP: 9/9
  7354 | D:9      | Noticed Erolcha
  7365 | D:9      | Killed Erolcha
  7366 | D:9      | Reached skill level 13 in Axes
  7366 | D:9      | Reached skill level 5 in Dodging
  7713 | D:9      | Reached ***** piety under Trog
  7724 | D:9      | Reached skill level 14 in Axes
  8149 | D:9      | Noticed Prince Ribbit
  8154 | D:9      | Killed Prince Ribbit
  8355 | D:9      | Noticed Grum
  8368 | D:9      | Killed Grum
  8483 | D:9      | Reached XP level 11. HP: 99/99 MP: 10/10
  8494 | D:9      | Reached skill level 15 in Axes
  8931 | D:10     | Entered Level 10 of the Dungeon
  9040 | D:10     | Found a staircase to the Orcish Mines.
  9059 | D:10     | Reached skill level 10 in Fighting
  9298 | D:10     | Noticed Harold
  9298 | D:10     | Noticed a two-headed ogre
  9306 | D:10     | Killed a two-headed ogre
  9307 | D:10     | Reached skill level 10 in Armour
  9312 | D:10     | Killed Harold
  9629 | D:10     | Noticed a two-headed ogre
  9641 | D:10     | Killed a two-headed ogre
  9642 | D:10     | Reached skill level 16 in Axes
  9750 | D:10     | Found a glowing silver altar of Zin.
  9790 | D:11     | Found a staircase to the Lair.
  9831 | D:11     | Noticed a two-headed ogre
  9849 | D:11     | Killed a two-headed ogre
  9849 | D:11     | Received a gift from Trog
  9981 | D:11     | Noticed a wizard
  9990 | Abyss:2  | Cast into level 2 of the Abyss (a wizard)
 10006 | Abyss:2  | Noticed a tentacled starspawn
 10016 | Abyss:2  | Killed a tentacled starspawn
 10024 | Abyss:2  | Found a corrupted altar of Lugonu.
 10064 | Abyss:2  | Noticed an ancient lich
 10080 | Abyss:2  | Killed an ancient lich
 10081 | Abyss:2  | Reached skill level 17 in Axes
 10081 | Abyss:2  | Reached skill level 1 in Evocations
 10081 | Abyss:2  | Reached XP level 12. HP: 110/110 MP: 11/11
 10095 | D:11     | Escaped the Abyss
 11103 | D:12     | Noticed Nergalle
 11116 | D:12     | Killed Nergalle
 11223 | D:12     | Noticed a two-headed ogre
 11236 | D:12     | Killed a two-headed ogre
 11237 | D:12     | Reached skill level 18 in Axes
 11940 | D:12     | Noticed a boulder beetle
 11946 | D:12     | Killed a boulder beetle
 11981 | D:12     | Noticed a two-headed ogre
 11987 | D:12     | Killed a two-headed ogre
 12067 | Lair:1   | Entered Level 1 of the Lair of Beasts
 12215 | Lair:1   | Reached XP level 13. HP: 119/119 MP: 12/12
 12453 | Lair:1   | Received a gift from Trog
 12476 | Lair:1   | Reached skill level 19 in Axes
 12653 | Lair:1   | Identified the +8 long sword of Boipsat {speed, rF+ Int+3}
 13400 | Lair:2   | Found a staircase to the Shoals.
 13698 | Lair:2   | Found a runed translucent door.
 13726 | Lair:2   | Noticed Jaukkuri's ghost (journeyman TrFi)
 13738 | Lair:2   | Killed Jaukkuri's ghost
 14332 | Lair:3   | Found a staircase to the Snake Pit.
 15279 | Lair:4   | Received a gift from Trog
 15286 | Lair:4   | Reached XP level 14. HP: 112/133 MP: 13/13
 15621 | Lair:4   | Reached skill level 20 in Axes
 15623 | Lair:4   | Reached skill level 15 in Fighting
 16100 | Lair:5   | Entered Level 5 of the Lair of Beasts
 16327 | Lair:5   | Found a viscous altar of Jiyva.
 16328 | Lair:5   | Found a staircase to the Slime Pits.
 17205 | Lair:5   | Reached skill level 21 in Axes
 17217 | Lair:5   | Found a corrupted altar of Lugonu.
 17217 | Lair:5   | Found a one-way gate to the infinite horrors of the Abyss.
 18091 | D:13     | Found a gateway to a bazaar.
 18282 | D:13     | Noticed Kirke
 18297 | D:13     | HP: 4/138 [hog[Kirke] (6)]
 18298 | D:13     | Slain by a hog

Illustrated notes

Levels and vault maps discovered:
D:1:      nicolae_arrival_washed_ashore, layout_basic,
          dreamdust_ecumenical_altar_angels_and_demons
D:2:      cheibrodos_fertilizer, layout_loops_ring, minmay_tetromino_o2
D:3:      layout_rooms, serial_shops, shop, nicolae_shop_mannequins, shop, shop,
          minivault_19
D:4:      kennysheep_kobold_camp, layout_rooms
D:5:      layout_gridville
D:6:      layout_basic, serial_shops, nicolae_shop_hallway_plus
D:7:      layout_basic, nicolae_qazlal_eye_of_the_storm,
          minmay_temple_entry_statues_fountains, gammafunk_ghost_grave
D:8:      layout_loops_corners
D:9:      layout_layer_cave, uniq_grum, uniq_erolcha, uniq_prince_ribbit1
D:10:     layout_loops_ring, zin_treasury, orc_0_dummy, enter_bailey_1, pond,
          uniq_harold
D:11:     layout_loops_ring, erik_lair_island
D:12:     layout_cave_pods, hangedman_tell_no_tales, uniq_nergalle
D:13:     layout_gridville, david_vaults_2, serial_shops, bzr_entry_lakeside,
          uniq_kirke
Lair:1:   layout_concentric_octagons, nicolae_quartered_pool_super,
          grunt_megastairs_1
Lair:2:   layout_loops_ring, minmay_shoals_entry_hut, gauntlet_entry_generic,
          hellmonk_ghost_happy_afterlife, infiniplex_staircase_pool_2
Lair:3:   layout_gridlike, guppyfry_snake_entry_island, lemuel_fruit_tree
Lair:4:   layout_long_grid
Lair:5:   hellmonk_lair_end_abyssal_woods, layout_cellular_growth, slime_entry_1

Skill      XL: |  1  2  3  4  5  6  7  8  9 10 11 12 13 14 |
---------------+-------------------------------------------+-----
Axes           | 4 5 6 7 8 10 12 14 17 18 19 21 | 21.2
Fighting       | 4 5 6 7 8 9 11 12 14 16 | 16.5
Dodging        | 3 4 5 6 7 8 |  8.1
Armour         | 3 4 5 7 8 9 10 11 13 14 | 14.1
Stealth        | 1 2 |  2.8
Evocations     | 1 |  1.8

Action                     |  1- 3 |  4- 6 |  7- 9 | 10-12 | 13-15 || total
---------------------------+-------+-------+-------+-------+-------++-------
  Melee: Hand axe          |    81 |   178 |    78 |       |       ||   337
         Headbutt          |    11 |    26 |    34 |    82 |   105 ||   258
         Punch             |     1 |       |     1 |     1 |     5 ||     8
         Battleaxe         |       |       |   120 |   215 |       ||   335
         War axe           |       |       |     9 |       |       ||     9
         Broad axe         |       |       |       |   180 |   481 ||   661
 Invoke: Berserk           |       |     2 |     4 |     6 |     3 ||    15
  Evoke: Wand              |       |       |       |     8 |       ||     8
    Use: Scroll            |       |       |    21 |    10 |     5 ||    36
   Stab: Sleeping          |     1 |       |       |       |       ||     1
 Armour: Animal skin       |    11 |       |       |       |       ||    11
         Ring mail         |    11 |    22 |       |       |       ||    33
         Scale mail        |       |    11 |       |       |       ||    11
         Chain mail        |       |    26 |   177 |   302 |   470 ||   975
         Plate armour      |       |     5 |       |       |       ||     5
         Skin              |       |       |       |     1 |       ||     1
  Dodge: Dodged            |    46 |    80 |   152 |   190 |   315 ||   783
